 Dungeon Crawl Stone Soup version 0.31.0-1-g2c135a0 (webtiles) character file.

Game seed: 1379534823136591595

14 bonegar the Sneak (level 2, -1/22 HPs)
             Began as a Naga Enchanter on Jan 26, 2024.
             Slain by a jackal (2 damage)
             ... on level 1 of the Dungeon.
             The game lasted 00:02:55 (390 turns).

bonegar the Sneak (Naga Enchanter)                   Turns: 390, Time: 00:02:55

Health: -1/22      AC:  1    Str: 10    XL:     2   Next: 45%
Magic:  5/5        EV:  9    Int: 15    God:
Gold:   12         SH:  0    Dex: 11    Spells: 5/5 levels left

rFire   . . .        a - +1 dagger
rCold   . . .        (no shield)
rNeg    . . .        b - +0 robe
rPois   +            (no helmet)
rElec   .            (no cloak)
rCorr   .            (no gloves)
SInv    +            (no barding)
Will    .....        (no amulet)
Stlth   +++          (no ring)
HPRegen 0.23/turn    (no ring)
MPRegen 0.09/turn

%: no passive effects
@: very slow
A: AC +0, large, see invisible, deformed body, poison resistance, slowness 2,
spit poison 1, naga tail 1
a: Spit Poison


You were on level 1 of the Dungeon.
You visited 1 branch of the dungeon, and saw 1 of its levels.

You collected 12 gold pieces.

Inventory:

Hand Weapons
 a - a +1 dagger (weapon)
Armour
 b - a +0 robe (worn)
Scrolls
 d - a scroll of blinking {unknown}
Potions
 c - 2 potions of invisibility
 e - a potion of lignification {unknown}
 f - a potion of heal wounds {unknown}


   Skills:
 + Level 1.1 Short Blades
 + Level 1.6 Dodging
 + Level 4.8 Stealth
 + Level 2.3 Spellcasting
 + Level 3.1 Hexes


You had 5 spell levels left.
You didn't know any spells.
Your spell library contained the following spells:

 Spells                   Type           Power      Damage    Failure   Level
 Ensorcelled Hibernation  Hex/Ice        12%        N/A       17%         2
 Confusing Touch          Hex            11%        N/A       17%         3
 Tukima's Dance           Hex            11%        N/A       17%         3
 Dazzling Flash           Conj/Hex       12%        N/A       32%         3


Dungeon Overview and Level Annotations

Branches:
Dungeon (1/15)

Altars:


Innate Abilities, Weirdness & Mutations

Your serpentine skin is tough. (AC +0)
You have supernaturally acute eyesight. (SInv)
Armour fits poorly on your strangely shaped body.
Your system is resistant to poisons. (rPois)
You cover ground very slowly.
You can spit poison.
You have a snake-like lower body.


Message History

The goblin hits you with a +0 club. The goblin hits you with a +0 club.
The goblin closely misses you.
You hit the goblin.
The goblin is heavily wounded.
The goblin closely misses you.
You hit the goblin.
You kill the goblin!
You see here a +0 club.
You open the door.
There is an open door here.
Found 3 stones.
An endoplasm comes into view.
A jackal comes into view.
Found 2 poisoned darts.
A jackal comes into view.
A jackal comes into view.
The jackal barks!
The endoplasm quivers.
The jackal barks!
The jackal barely misses you. The endoplasm hits you.
The jackal barks!
You hit the endoplasm but do no damage. The endoplasm hits you.
The jackal bites you. The jackal attacks as it pursues you!
The jackal barely misses you. The jackal bites you.
The jackal barely misses you. The jackal bites you.
The jackal attacks as it pursues you! The jackal bites you.
The jackal closely misses you. The jackal barely misses you.
The jackal closely misses you. The jackal bites you.
The jackal barely misses you. The jackal bites you.
You hit the jackal but do no damage. The jackal bites you. x2
The jackal closely misses you. The jackal barely misses you.
You hit the jackal.
The jackal is heavily wounded.
The jackal bites you.
* * * LOW HITPOINT WARNING * * *
The endoplasm freezes you.
You are frozen.
* * * LOW HITPOINT WARNING * * *
The jackal bites you.
You die...

# #. . #.### #.#.#
######### #.... #.......#
## #....
#.......#(......##....
#.......#.............
#########@..#.......%#....
#.......hhJ.#........#...)
#.......h...#........#....
#...................##'#.#
#........................#
#........................#
#........#..#............#
#........#.#########......
########...# #....##


You could see an endoplasm and 3 jackals.

Vanquished Creatures
  A dart slug (D:1)
  A ball python (D:1)
  A bat (D:1)
  An endoplasm (D:1)
  3 goblins (D:1)
  2 kobolds (D:1)
  A quokka (D:1)
  A frilled lizard (D:1)
11 creatures vanquished.

Notes
Turn   | Place    | Note
-------+----------+-------------------------------------------
     0 | D:1      | bonegar the Naga Enchanter began the quest for the Orb.
     0 | D:1      | Reached XP level 1. HP: 15/15 MP: 3/3
   131 | D:1      | Reached XP level 2. HP: 7/22 MP: 5/5
   390 | D:1      | HP: 1/22 [frozen (4)]
   390 | D:1      | Slain by a jackal

Illustrated notes

Levels and vault maps discovered:
D:1:      dpeg_arrival_refuge, layout_basic

Action                     || total
---------------------------++-------
  Melee: Dagger            ||    31
         Punch             ||     1
   Stab: Sleeping          ||     3
 Armour: Robe              ||    29
  Dodge: Dodged            ||    18
